 Dungeon Crawl Stone Soup version 0.30-a0-374-g95c0257040 (webtiles) character file.

Game seed: 9217748942944379846

9 Shayle the Conjurer (level 2, 15/22 HPs)
             Began as a Demonspawn Reaver on Nov 27, 2022.
             Quit the game on level 1 of the Dungeon.
             The game lasted 00:00:27 (98 turns).

Shayle the Conjurer (Demonspawn Reaver)               Turns: 98, Time: 00:00:28

Health: 15/22      AC:  3    Str: 12    XL:     2   Next: 3%
Magic:  5/5        EV: 11    Int: 14    God:
Gold:   0          SH:  0    Dex: 11    Spells: 4/5 levels left

rFire   . . .      SeeInvis .    a - +0 hand axe
rCold   . . .      Faith    .    (no shield)
rNeg    . . .      Spirit   .    b - +0 leather armour
rPois   .          Reflect  .    (no helmet)
rElec   .          Harm     .    (no cloak)
rCorr   .          Rampage  .    (no gloves)
Will    .....                    (no boots)
Stlth   +.........               (no amulet)
HPRegen 0.23/turn                (no ring)
MPRegen 0.09/turn                (no ring)

@: no status effects
A: weakness stinger 1
a: no special abilities


You were on level 1 of the Dungeon.
You visited 1 branch of the dungeon, and saw 1 of its levels.

Inventory:

Hand Weapons
 a - a +0 hand axe (weapon)
Armour
 b - a +0 leather armour (worn)


   Skills:
 + Level 2.2 Fighting
 - Level 2.6 Axes
 + Level 0.7 Armour
 - Level 1.7 Dodging
 + Level 0.7 Stealth
 - Level 2.0 Spellcasting
 - Level 3.0 Conjurations


You had 4 spell levels left.
You knew the following spells:

 Your Spells              Type           Power      Damage    Failure   Level
a - Kiss of Death         Conj/Necr      20%        2d7       16%         1

Your spell library contained the following spells:

 Spells                   Type           Power      Damage    Failure   Level
 Momentum Strike          Conj/Tloc      10%        3d8       24%         2
 Hailstorm                Conj/Ice       5%         3d4       43%         3


Dungeon Overview and Level Annotations

Branches:
Dungeon (1/15)

Altars:


Innate Abilities, Weirdness & Mutations

You have a small tail.


Message History

You hit the bat but do no damage. The bat hits you but does no damage.
The bat closely misses you.
You closely miss the bat. The bat barely misses you. x2
The goblin hits you with a +0 dagger. The bat hits you.
You closely miss the goblin. You barely miss the bat. The bat hits you.
The goblin hits you with a +0 dagger. x2
You closely miss the goblin. The bat hits you but does no damage.
The goblin hits you but does no damage.
You hit the goblin.
The goblin is heavily wounded.
The bat hits you. The bat hits you but does no damage.
The goblin hits you with a +0 dagger.
You hit the goblin.
You kill the goblin!
The bat hits you but does no damage. x2
You see here a +0 dagger.
You miss the bat. The bat hits you but does no damage.
The bat barely misses you. The bat hits you but does no damage.
The bat barely misses you.
You see here a +0 club.
The bat hits you but does no damage.
Things that are here:
a +0 dagger; a kobold corpse You miss the bat.
The bat barely misses you. x2
You hit the bat.
The bat is heavily wounded.
The bat hits you but does no damage. The bat closely misses you. x2
You barely miss the bat.
The bat is heavily wounded.
The bat completely misses you.
You miss the bat.
The bat is heavily wounded.
The bat hits you but does no damage. The bat hits you.
The bat closely misses you.
You hit the bat.
You kill the bat!
You have reached level 2!
Your demonic ancestry asserts itself...
You grow a small tail.
Are you sure you want to abandon this character and quit the game? (Confirm with "yes".)

#.# # #.# #.####.#
### #......# #.##
#....#.####..## #.
#.............## .#
##....#).##.....## ..
#....##))##......##
.#
#.#...@..#####....#
.# #
#..###.#####....##.#.
#$ #......>......#. #
#######.##......
#.##.#..## .#####.###
###........
...####+### #≈≈≈≈≈§§


There were no monsters in sight!

Vanquished Creatures
  A dart slug (D:1)
  A bat (D:1)
  An endoplasm (D:1)
  2 goblins (D:1)
  A kobold (D:1)
6 creatures vanquished.

Notes
Turn   | Place    | Note
-------+----------+-------------------------------------------
     0 | D:1      | Shayle the Demonspawn Reaver began the quest for the Orb.
     0 | D:1      | Reached XP level 1. HP: 16/16 MP: 3/3
    97 | D:1      | Gained mutation: You have a small tail. [demonic ancestry]
    97 | D:1      | Reached XP level 2. HP: 15/22 MP: 5/5
    98 | D:1      | Quit the game

Illustrated notes

Levels and vault maps discovered:
D:1:      dpeg_arrival_yet_another_circle, layout_loops_cross,
          hellmonk_ecumenical_altar_lost_god, minivault_26,
          hangedman_decor_peaks_small, chequers_serial_rivers_large_b,
          columned_hall_lemuel, nrook_mini_backslash, st_stairs_11,
          grunt_decor_resistance, minmay_pentomino_q4

Action                   || total
-------------------------++-------
Melee: Hand axe          ||    24
Armor: Leather armour    ||    13
Dodge: Dodged            ||    19

Table legend: (Time is in decaauts)
 A = Elapsed time spent in this place.
 B = Non-inter-level travel time spent in this place.
 C = Inter-level travel time spent in this place.
 D = Time resting spent in this place.
 E = Time spent auto-exploring this place.
 F = Levels seen in this place.
 G = Mean time per level.
                   A        B        C        D        E       F      G
               +--------+--------+--------+--------+--------+-----+--------+
         Total |    101 |    101 |      0 |      0 |     54 |   1 |  101.0 |
       Dungeon |    101 |    101 |      0 |      0 |     54 |   1 |  101.0 |
               +--------+--------+--------+--------+--------+-----+--------+

Top non-repeatable levels by time:
     D:1: 101 daAuts
